 Dungeon Crawl Stone Soup version 0.31-a0-846-gb3bcc0d938 (webtiles) character file.

Game seed: 1358920951883441789

175 Schnaeble the Cudgeller (level 5, -2/36 HPs)
             Began as a Demonspawn Gladiator on Oct 4, 2023.
             Was an Initiate of Ashenzari.
             Succumbed to their own poison gas
             ... on level 4 of the Dungeon.
             The game lasted 00:05:44 (2566 turns).

Schnaeble the Cudgeller (Demonspawn Gladiator)      Turns: 2566, Time: 00:05:44

Health: -2/36      AC:  6    Str: 16    XL:     5   Next: 29%
Magic:  5/5        EV: 10    Int: 10    God:    Ashenzari [......]
Gold:   142        SH:  5    Dex: 14    Spells: 4/4 levels left

rFire   . . .        k - +0 flail (protect)
rCold   . . .        (no shield)
rNeg    . . .        l - +0 scale mail
rPois   .            (helmet restricted)
rElec   .            (no cloak)
rCorr   .            (no gloves)
SInv    .            (no boots)
Will    .....        g - amulet of Ouranomancy {Reflect SH+5, Fort, Cun} (curse) Stlth
                     (no ring)
HPRegen 0.26/turn    (no ring)
MPRegen 0.09/turn

%: reflection
@: brilliant, lethally poisoned (-2 -> -16), attractive
A: horns 1, ignite blood 1, spiny 1, frail 1
a: Renounce Religion, Shatter the Chains


You were on level 4 of the Dungeon.
You worshipped Ashenzari.
Ashenzari was noncommittal.
You visited 1 branch of the dungeon, and saw 4 of its levels.

You collected 142 gold pieces.

Inventory:

Hand Weapons
 k - a +0 flail of protection (weapon)
Missiles
 d - 4 throwing nets
 e - a javelin (quivered)
Armour
 c - a +0 helmet
 l - a +0 scale mail (worn)
Jewellery
 g - the cursed amulet of Ouranomancy (around neck) {Reflect SH+5, Fort, Cun}
   (You found it on level 1 of the Dungeon)

   [amulet of reflection]

   Reflect:   It reflects blocked missile attacks.
   SH+5:      It affects your SH (+5).
   It has a curse which improves the following skills: Fortitude: Armour and
   Shields.
   Cunning:   Dodging and Stealth.
Wands
 b - a wand of charming (3)
Scrolls
 a - a scroll of vulnerability {unknown}
 f - a scroll of acquirement {unknown}
 h - a scroll of poison
 i - a scroll of fear {unknown}
 j - a scroll of identify {unknown}
 o - a scroll of blinking
 r - a scroll of fog {unknown}
Potions
 m - a potion of might {unknown}
 p - a potion of haste {unknown}
 q - a potion of brilliance


   Skills:
 + Level 2.8 Fighting
 * Level 4.9 Maces & Flails
 - Level 1.8 Throwing
 - Level 3.0(3.4) Dodging


You had 4 spell levels left.
You didn't know any spells.
Your spell library contained the following spells:

 Spells                   Type           Power      Damage    Failure   Level
 Cigotuvi's Dreadful Rot  Necr/Pois/Air  0%         N/A       91%         2
 Dispel Undead            Necr           0%         3d6       100%        4
 Death Channel            Necr           0%         N/A       100%        6


Dungeon Overview and Level Annotations

Branches:
Dungeon (4/15)
 Temple: D:4-7

Altars:
Ashenzari
Sif Muna
Wu Jian


Innate Abilities, Weirdness & Mutations

You have a pair of small horns on your head.
Your demonic aura sometimes causes spilled blood to erupt in flames.
You are partially covered in sharp spines.
You are frail. (-10% HP)


Message History

You block the gnoll's attack.
The gnoll hits you from afar with a +0 halberd.
The gnoll attacks as it pursues you! The gnoll hits you but does no damage.
The gnoll is struck by your spines. The gnoll hits you but does no damage.
The gnoll attacks as it pursues you! You block the gnoll's attack.
The gnoll closely misses you. The gnoll attacks as it pursues you!
The gnoll completely misses you. The gnoll is struck by your spines.
The gnoll hits you with a +0 club. The gnoll attacks as it pursues you!
The gnoll is struck by your spines. The gnoll barely misses you.
The gnoll attacks as it pursues you! The gnoll barely misses you.
The gnoll attacks as it pursues you! You block the gnoll's attack.
The gnoll is struck by your spines. The gnoll hits you with a +0 club.
The gnoll attacks as it pursues you! You block the gnoll's attack.
The gnoll hits you from afar with a +0 halberd!
It was a potion of brilliance.
You feel clever all of a sudden. The gnoll barely misses you.
It was a potion of attraction.
You feel attractive to monsters. The gnoll is struck by your spines.
You kill the gnoll!
The gnoll hits you but does no damage. You block the gnoll's attack.
The gnoll is attracted toward you. x2
The gnoll bouda is attracted toward you.
The gnoll is attracted toward you.
The air fills with toxic fumes!
As you read the scroll labelled INASMOQOFO, it crumbles to dust.
It was a scroll of poison.
The gnoll is no longer moving quickly.
The gnoll is struck by your spines. The gnoll hits you with a +0 spear.
Blink to where?
Press: ? - help, Dir - move target
As you read the scroll labelled JABUEDD PARU, it crumbles to dust.
It was a scroll of blinking.
You are engulfed in poison gas.
You are lethally poisoned!
* * * LOW HITPOINT WARNING * * *
x2 You feel very sick.
The gnoll bouda is attracted toward you.
The gnoll is attracted toward you. x4
You die...

## ######## .# #......# .#
#......#
.########......############
.
........).>.....@§§§§§§§§..
...
.########........#§§§§§§###
... ...#
#........#§§§§§§§.####...
...#
######...#§§gg§§§........
...# #...#§g§gg§§.##.....
#### #...#§§§§§§§........
..###§§§§§§§§.#..... ..
##.. ####§.####...... ###
##.# ##.#..##


You could see a gnoll bouda and 3 gnolls.

Vanquished Creatures
  An iguana (D:4)
  Terence (D:3)
  An adder (D:3)
  4 gnolls
  A worm (D:2)
  3 dart slugs (D:2)
  An orc (D:3)
  9 ball pythons
  4 bats
  7 endoplasms
  3 giant cockroaches
  A goblin (D:1)
  10 hobgoblins
  2 jackals (D:3)
  2 quokkas
  4 frilled lizards
  3 kobolds
  8 rats
65 creatures vanquished.

Notes
Turn   | Place    | Note
-------+----------+-------------------------------------------
     0 | D:1      | Schnaeble the Demonspawn Gladiator began the quest for the
                  | Orb.
     0 | D:1      | Reached XP level 1. HP: 16/16 MP: 1/1
     6 | D:1      | Noticed a hound
     6 | D:1      | Noticed an iguana
     6 | D:1      | Noticed a swamp worm
     7 | D:1      | Noticed a black mamba
   143 | D:1      | Reached skill level 3 in Maces & Flails
   148 | D:1      | Gained mutation: Your demonic aura sometimes causes spilled
                  | blood to erupt in flames. [demonic ancestry]
   148 | D:1      | Reached XP level 2. HP: 21/22 MP: 2/2
   828 | D:2      | Found a broken altar of Ashenzari.
   839 | D:2      | Reached XP level 3. HP: 20/27 MP: 3/3
   881 | D:2      | Became a worshipper of Ashenzari the Shackled
  1909 | D:3      | Noticed Terence
  1921 | D:3      | Gained mutation: You are frail. (-10% HP) [potion of
                  | mutation]
  1929 | D:3      | Killed Terence
  1930 | D:3      | Reached skill level 4 in Maces & Flails
  1930 | D:3      | Gained mutation: You have a pair of small horns on your
                  | head. [demonic ancestry]
  1930 | D:3      | Reached XP level 4. HP: 13/30 MP: 4/4
  2116 | D:3      | Found an ornate altar of the Wu Jian Council.
  2466 | D:3      | Gained mutation: You are partially covered in sharp spines.
                  | [demonic ancestry]
  2466 | D:3      | Reached XP level 5. HP: 34/36 MP: 5/5
  2549 | D:4      | Found a shimmering blue altar of Sif Muna.
  2550 | D:4      | Noticed an ogre
  2566 | D:4      | Succumbed to their own poison gas

Illustrated notes

Levels and vault maps discovered:
D:1:      onia_arrival_zoo_common, layout_loops_ring
D:2:      layout_basic, basic_altar, minmay_stone_trees_medium, chequers_avenue
D:3:      layout_basic, mainiacjoe_overflow_two_lobes,
          nicolae_ru_sacrificial_ziggurat, supply_closet_lemuel, uniq_terence
D:4:      layout_basic, old_standard_altar, mainiacjoe_overflow_24_doors,
          chequers_serial_rivers_micro_d

Skill      XL: |  1  2  3 |
---------------+----------+-----
Maces & Flails | 3 4 |  4.9
Dodging        | 3 |  3.0
Fighting       | |  2.8
Throwing       | |  1.8

Action                     |  1- 3 |  4- 6 || total
---------------------------+-------+-------++-------
  Melee: Flail             |   142 |    61 ||   203
         Headbutt          |       |     4 ||     4
         Punch             |       |     2 ||     2
  Throw: Javelin           |     1 |       ||     1
         Throwing net      |     1 |       ||     1
 Invoke: Curse Item        |     1 |       ||     1
  Evoke: Wand              |       |     2 ||     2
    Use: Potion            |     3 |     2 ||     5
         Scroll            |       |     2 ||     2
   Stab: Held in net/web   |     1 |       ||     1
 Armour: Leather armour    |    37 |       ||    37
         Scale mail        |    49 |    48 ||    97
  Dodge: Dodged            |    95 |    32 ||   127
  Block: Other             |    23 |    16 ||    39

Table legend: (Time is in decaauts)
 A = Elapsed time spent in this place.
 B = Non-inter-level travel time spent in this place.
 C = Inter-level travel time spent in this place.
 D = Time resting spent in this place.
 E = Time spent auto-exploring this place.
 F = Levels seen in this place.
 G = Mean time per level.
                   A        B        C        D        E       F      G
               +--------+--------+--------+--------+--------+-----+--------+
         Total |   2608 |   2532 |     76 |      0 |   1995 |   4 |  652.0 |
       Dungeon |   2608 |   2532 |     76 |      0 |   1995 |   4 |  652.0 |
               +--------+--------+--------+--------+--------+-----+--------+

Top non-repeatable levels by time:
     D:2: 1010 daAuts
     D:1: 812 daAuts
     D:3: 689 daAuts
     D:4: 96 daAuts
